 Dungeon Crawl Stone Soup version 0.20-a0-235-g8b3a786 (webtiles) character file.

229 xnavy the Sneak (level 6, -6/28 HPs)
             Began as a Vine Stalker Enchanter on Nov 27, 2016.
             Mangled by an orc priest
             ... wielding a +0 trident
              (9 damage)
             ... on level 4 of the Dungeon.
             The game lasted 00:13:07 (2978 turns).

xnavy the Sneak (Vine Stalker Enchanter)            Turns: 2978, Time: 00:13:07

Health: -6/28      AC:  3    Str: 12    XL:     6   Next: 3%
Magic:  0/10       EV: 12    Int: 16    God:
Gold:   97         SH:  3    Dex: 14    Spells: 3/9 levels left

rFire  . . .     SeeInvis .     a - +2 dagger (venom)
rCold  + . .     Gourm    .     b - +1 robe
rNeg   . . .     Faith    .     (no shield)
rPois  .         Spirit   +     (no helmet)
rElec  .         Reflect  +     (no cloak)
rCorr  .         Harm     .     (no gloves)
MR     .....                    (no boots)
Stlth  +++.......               i - +3 amulet of reflection
                                m - ring of protection from cold {rC+, !d}
                                n - ring of flight {+Fly, !d}

@: very slightly contaminated
A: fangs 2, regeneration 1, magic shield, antimagic bite, no device heal 3, rot
immunity
a: Evoke Flight


You were on level 4 of the Dungeon.
You were hungry.

You visited 1 branch of the dungeon, and saw 4 of its levels.

You collected 97 gold pieces.

Inventory:

Hand Weapons
 a - a +2 dagger of venom (weapon)
   (You took it off a kobold on level 1 of the Dungeon)
 e - a cursed +0 whip
   (You took it off a kobold on level 1 of the Dungeon)
 f - a +1 dagger
 p - a +2 whip of draining
   (You found it on level 3 of the Dungeon)
Armour
 b - a +1 robe (worn)
Jewellery
 i - a +3 amulet of reflection (around neck)
   (You found it on level 2 of the Dungeon)
 m - a ring of protection from cold (right hand) {rC+, !d}
   (You found it on level 3 of the Dungeon)
 n - a ring of flight (left hand) {+Fly, !d}
   (You took it off a goblin on level 2 of the Dungeon)
Wands
 o - a wand of polymorph (18/24)
   (You found it on level 4 of the Dungeon)
Scrolls
 j - 2 scrolls of teleportation
Potions
 g - a potion of mutation {!q}
 h - a potion of lignification {!q}
 k - a potion of curing
 q - a potion of flight {unknown}
Books
 c - a book of Maledictions
Comestibles
 d - 2 bread rations {@e1}
 l - 6 chunks of flesh {@w0}


   Skills:
 * Level 4.3 Short Blades
 - Level 1.5 Dodging
 + Level 5.5 Stealth
 - Level 2.1 Spellcasting
 - Level 3.0 Hexes


You had 3 spell levels left.
You knew the following spells:

 Your Spells              Type           Power        Failure   Level  Hunger
a - Ensorcelled Hibernat  Hex/Ice        #.....       17%         2    ###....
c - Confuse               Hex            ##......     17%         3    ###....
v - Corona                Hex            ##.....      8%          1    #......


Dungeon Overview and Level Annotations

Branches:
Dungeon (4/15)
 Temple: D:4-7

Altars:

Annotations:
D:4 exclusion: ogre


Innate Abilities, Weirdness & Mutations

You have extremely sharp teeth.
Your natural rate of healing is unusually fast.
When hurt, damage is shared between your health and your magic reserves.
Your bite disrupts and absorbs the magic of your enemies.
Potions and wands cannot restore your health.
You are immune to rotting.


Message History

You closely miss Natasha. You bite Natasha.
Natasha's magic leaks into the air.
You drain her magic.
You feel invigorated. Natasha claws you!
* * * LOW HITPOINT WARNING * * *
You take 4 damage, and have 7/24 hp.
You hit Natasha.
Natasha looks as sick as possible!
You bite Natasha, but do no damage.
You kill Natasha!
Natasha screams in fury as she dies!
Your Short Blades skill increases to level 4!
You start resting.
Some of the chunks of flesh in your inventory have rotted away.
Health restored: 24; MP restored: 9 A frilled lizard comes into view.
The frilled lizard hisses angrily.
You barely miss the frilled lizard. Your bite misses the frilled lizard.
The frilled lizard bites you.
You take 1 damage, and have 23/24 hp.
You hit the frilled lizard.
You kill the frilled lizard!
Health restored: 24 You see here a frilled lizard corpse.
You butcher the frilled lizard corpse.
l - 6 chunks of flesh {@w0} (gained 1)
You see here a frilled lizard skeleton.
q - a metallic inky potion An orc and an orc priest come into view.
The orc shouts!
You see here a robe.
The orc priest shouts!
You hit the orc.
The orc is poisoned.
The orc barely misses you. The orc hits you but does no damage.
You barely miss the orc. You bite the orc, but do no damage.
The orc closely misses you.
An orc wizard comes into view. It is wielding a dagger.
The orc wizard shouts!
You hit the orc.
You kill the orc!
You are feeling hungry.
Things that are here:
a flail; a ring mail The orc wizard casts a spell at you.
The magic dart hits you!
You take 3 damage, and have 21/24 hp.
You now have 8/9 mp.
The orc priest hits you with a trident!
You see here a robe.
You take 7 damage, and have 14/24 hp.
MASSIVE DAMAGE!!
You now have 5/9 mp.
Aim: an orc priest, wielding a trident and wearing a ring mail (chance to defeat MR: 37%)
You miscast Ensorcelled Hibernation.
You are very lightly contaminated with residual magic.
Frost covers your body. The orc priest hits you with a trident.
You take 1 damage, and have 13/24 hp.
You now have 2/9 mp.
Aim: an orc priest, wielding a trident and wearing a ring mail (chance to defeat MR: 37%)
Okay, then.
You hit the orc priest but do no damage.
The orc priest is poisoned.
The orc priest hits you with a trident.
You take 3 damage, and have 10/24 hp.
You closely miss the orc priest. The orc priest closely misses you.
You hit the orc wizard but do no damage.
The orc wizard is poisoned.
You bite the orc wizard.
The orc wizard's magic leaks into the air.
You drain its magic.
You feel invigorated.
The orc wizard hits you but does no damage.
You hit the orc wizard but do no damage.
The orc wizard looks as sick as possible!
Your bite misses the orc wizard. The orc priest closely misses you.
You hit the orc wizard. The orc wizard closely misses you.
The orc priest closely misses you.
You hit the orc priest but do no damage.
The orc priest looks even sicker.
Your bite misses the orc priest. The orc wizard closely misses you.
You hit the orc wizard.
You kill the orc wizard!
You have reached level 6!
Your experience leads to an increase in your attributes!
Increase (S)trength, (I)ntelligence, or (D)exterity?
You feel stronger. The orc priest barely misses you.
You regained 2 hp, and now have 14/28 hp.
You barely miss the orc priest. Your bite misses the orc priest.
The orc priest hits you with a trident!
You take 4 damage, and have 10/28 hp.
You now have 2/10 mp.
You hit the orc priest.
The orc priest looks as sick as possible!
Your bite misses the orc priest.
The orc priest calls down the wrath of Beogh upon you.
Pain shoots through your body!
* * * LOW HITPOINT WARNING * * *
You take 8 damage, and have 2/28 hp.
MASSIVE DAMAGE!!
You now have 0/10 mp.
Unknown command.
You hit the orc priest but do no damage.
The orc priest looks as sick as possible!
You bite the orc priest, but do no damage.
Unknown command.
You hit the orc priest but do no damage.
Your bite misses the orc priest. The orc priest hits you with a trident!
You die...

#...............................
#.#.#.#.#.#.#..#..#.##.##.#..#..
#................##.#..##....##.
#.#.#.#.#.#.#.........###....##.
#..............##......##....##.
#######........##..>.........##.
## .......##....###........
###........o##....# ##....#..
#.%...######@..÷..# #.####..
#..........).#....# #.# #..
#.....########....####(#####.
#o... #....#.......### #..o
####....#.......# # #..
#.......#.......### ##
#.≈≈≈..##.......#..
#.≈%≈..##.........#
#.≈≈≈..##.......###


You could see an orc priest.

Vanquished Creatures
  2 orc wizards (D:4)
  Natasha (twice) (D:4)
  A worker ant (D:4)
  4 adders
  2 worms (D:2)
  A dart slug (D:1)
  2 leopard geckos
  2 orcs (D:4)
  7 bats
  4 giant cockroaches
  3 hobgoblins
  3 jackals (D:1)
  A quokka (D:4)
  7 frilled lizards
  7 goblins
  7 kobolds
  5 rats
60 creatures vanquished.

Notes
Turn   | Place    | Note
-------+----------+-------------------------------------------
     0 | D:1      | xnavy the Vine Stalker Enchanter began the quest for the Orb.
     0 | D:1      | Reached XP level 1. HP: 9/9 MP: 4/4
    81 | D:1      | Reached skill level 1 in Short Blades
    91 | D:1      | HP: 2/9 [goblin (2)]
    99 | D:1      | Reached skill level 4 in Stealth
   375 | D:1      | Reached XP level 2. HP: 13/13 MP: 6/6
   450 | D:1      | Learned a level 2 spell: Ensorcelled Hibernation
  1079 | D:1      | Reached skill level 2 in Short Blades
  1336 | D:1      | Reached XP level 3. HP: 15/16 MP: 5/7
  2394 | D:2      | You fall through a shaft for 2 floors!
  2408 | D:4      | Learned a level 3 spell: Confuse
  2427 | D:3      | HP: 4/16 [adder (2)]
  2430 | D:2      | HP: 1/16 [adder (3)]
  2436 | D:2      | Gained mutation: Your natural rate of healing is unusually fast. [Vine Stalker growth]
  2436 | D:2      | Reached XP level 4. HP: 2/21 MP: 3/8
  2540 | D:4      | Noticed an ogre
  2622 | D:4      | Reached skill level 3 in Short Blades
  2665 | D:4      | Noticed Natasha
  2672 | D:4      | Killed Natasha
  2700 | D:4      | xnavy: ??spen guide
  2700 | D:4      | beem: hyperbolic[1/4]: My 0.16 SpEn guide: SKILLS: Approximate goals are as follows: 1) 5 Short Blades, 8 Stealth. 2) 4 Spellcasting, 8 Hexes. 3) 3 Fighting, 8 Dodging. 4) 8 Short Blades, 12 Stealth. 5) 6 Fighting/Spellcasting, 10 Short Blades/Hexes, 15 Dodging/Stealth. 6) 10 Fighting, 27 Stealth, and whatever spell skills you want.
  2806 | D:4      | Reached skill level 5 in Stealth
  2806 | D:4      | Reached XP level 5. HP: 24/24 MP: 9/9
  2865 | D:4      | Noticed Natasha
  2875 | D:4      | Killed Natasha
  2875 | D:4      | Reached skill level 4 in Short Blades
  2974 | D:4      | Reached XP level 6. HP: 14/28 MP: 3/10
  2976 | D:4      | HP: 2/28 [orc priest/nerve-wracking pain (8)]
  2978 | D:4      | Mangled by an orc priest

Vault maps used:
D:1:      elethiomel_arrival_shortcut
D:2:      hangedman_decor_growths
D:3:      kennysheep_slugbush
D:4:      first_bread, st_stairs_11, corexii_item_surrounded_by_moat,
          grunt_tough_drop, uniq_natasha

Skill      XL: |  1  2  3  4  5 |
---------------+----------------+-----
Short Blades   | 1 2 3 4 |  4.3
Stealth        | 4 5 |  5.5
Dodging        | |  1.5
Spellcasting   | |  2.1
Hexes          | |  3.0

Action                   |  1- 3 |  4- 6 || total
-------------------------+-------+-------++-------
Melee: Dagger            |   129 |    54 ||   183
       Bite              |    22 |     8 ||    30
 Cast: Corona            |    10 |     2 ||    12
       Ensorcelled Hiber |     6 |     3 ||     9
       Confuse           |       |     1 ||     1
  Use: Scroll            |     3 |     4 ||     7
 Stab: Sleeping          |     7 |     2 ||     9
       Distracted        |     2 |       ||     2
  Eat: Chunk             |     5 |     2 ||     7
Armor: Robe              |    27 |     4 ||    31
Dodge: Dodged            |    85 |    22 ||   107
Block: Other             |     1 |     4 ||     5

Vault maps used:
D:1:      elethiomel_arrival_shortcut
D:2:      hangedman_decor_growths
D:3:      kennysheep_slugbush
D:4:      first_bread, st_stairs_11, corexii_item_surrounded_by_moat,
          grunt_tough_drop, uniq_natasha

Table legend:
 A = Turns spent in this place as a percentage of turns spent in the entire game.
 B = Non-inter-level travel turns spent in this place as a percentage of non-inter-level travel turns spent in the entire game.
 C = Inter-level travel turns spent in this place as a percentage of turns spent in this place.
 D = Turns resting spent in this place as a percentage of non-inter-level travel turns spent in this place.
 E = Turns spent auto-exploring this place as a percentage of non-inter-level travel turns spent in this place.
 F = Non-inter-level travel turns spent in this place divided by the number of levels of this place that you've seen.
                   A       B       C       D       E      F
               +-------+-------+-------+-------+-------+----------------------
         Total | 100.0 | 100.0 |   0.2 |   3.6 |   3.6 | 248.2
       Dungeon | 100.0 | 100.0 |   0.2 |   3.6 |   3.6 | 248.2
               +-------+-------+-------+-------+-------+----------------------

Table legend:
 A = Kills in this place as a percentage of kills in entire the game.
 B = Kills by you in this place as a percentage of kills by you in the entire game.
 C = Kills by friends in this place as a percentage of kills by friends in the entire game.
 D = Other kills in this place as a percentage of other kills in the entire game.
 E = Experience gained in this place as a percentage of experience gained in the entire game.
 F = Experience gained in this place divided by the number of levels of this place that you have seen.
                   A       B       C       D       E      F
               +-------+-------+-------+-------+-------+----------------------
         Total | 100.0 | 100.0 |  -nan |  -nan | 100.0 |  82.0
       Dungeon | 100.0 | 100.0 |  -nan |  -nan | 100.0 |  82.0
               +-------+-------+-------+-------+-------+----------------------
